Elbereth, lawful female human Valkyrie ----------- -------------- |.........| |............| --------- |.........| |............| |.......| #..........| |............| |......(| #|.........| |............| |........########-.--------- |............| |.......| ########## ----.--.------ |.......| # # ########## ----.--|- ### ### ######################### #### --.-- # # -.--- # |>..|##################### |...| ## |....######## -+-|---- |...| --|-------- |...| # |......| |...| |.........| ----- ###|......| -.--- #-...| |.........| #-......| |...-############|...| |.......%<+ |......| |...| ----- ----------- -------- |SS.| |S@.| ----- Elbereth the Skirmisher Experience level: 5 Strength: 18/03 Dexterity: 13 Constitution: 17 Intelligence: 9 Wisdom: 10 Charisma: 8 Health: 0(46) Energy: 14(14) Def: 4 Gold: 313 Moves: 2187 Dungeon seed: fpA3MjLjcK15lOC2 Game ID: Elbereth_1607604430 Your Inventory: Coins $ - 313 gold pieces Weapons a - a thoroughly rusty +1 long sword (weapon in hand) b - a +0 dagger m - 9 +0 darts Armor e - an uncursed +3 small shield (being worn) Comestibles c - 2 uncursed food rations Scrolls s - a cursed scroll of identify Rings q - an uncursed +1 ring of gain strength (on left hand) Wands p - a wand of slow monster (0:5) Spells and supernatural/magical abilities: Name Level Category Fail Memory W - pray for help -- divine ? -- Your skills at the end: Fighting Skills Weapon Skills dagger [Basic] long sword [Basic] Spellcasting Skills Final Attributes: You were piously aligned. You were cold resistant. You were stealthy. You are dead. Vanquished creatures: a fog cloud a shrieker 3 gnome lords a rabid rat a giant bat a large kobold a yellow mold 15 gnomes a gnome zombie a gecko 8 jackals a fox 2 goblins 5 grid bugs a lichen 3 kobold zombies 4 newts 50 creatures vanquished. Voluntary challenges: You were an atheist. You used a wielded weapon 49 times, starting on turn 2. You read items or engraved 4 times, starting on turn 157. You never genocided any monsters. You never polymorphed an object. You never changed form. You used no wishes. You never split a pudding. You never wrote Elbereth's name. You never violated your personal moral code. Dungeon overview: The Dungeons of Doom: levels 1 to 4 Level 1 a sink a long staircase Level 2 Level 3 a sink stairs to The Gnomish Mines Level 4 <- You were here a fountain The Gnomish Mines: levels 4 to 5 Level 4 stairs to The Dungeons of Doom Level 5 History has recorded: On T:1 you entered the Dungeons of Doom to retrieve the Amulet of Yendor! On T:192 you reached level 2 of The Dungeons of Doom. On T:542 you advanced to experience level 2. On T:695 you reached level 3 of The Dungeons of Doom. On T:1082 you reached level 1 of The Gnomish Mines. On T:1099 you advanced to experience level 3. On T:1249 you advanced to experience level 4. On T:1575 you reached level 2 of The Gnomish Mines. On T:1635 you advanced to experience level 5. On T:1992 you reached level 4 of The Dungeons of Doom. Score breakdown: Gold: 313 ( 8493 points) Experience: 5 levels (11141 points) Exploration: 5 levels ( 9.80%) ( 8485 points) Discoveries: 6 items ( 2.44%) ( 4685 points) Valuables value: (no points given unless you survive) Artifact value: 0 ( 0 points) Variety of kills: 17 monsters ( 4.46%) ( 6336 points) Turncount: 2187 turns ( -133 points) Survival: died (score multiplied by 80%) Total score: 31205 Latest messages: Your long sword rusts! A feeling of loss comes over you. Your long sword rusts further! You attract a water nymph! The water nymph pretends to be friendly. The water nymph stole 2 orcish daggers. There is a fountain here. You see here a partly eaten jackal corpse. Your long sword rusts completely! An endless stream of snakes pours forth! A tower of flame erupts from the floor under the water moccasin! The water moccasin bites! (2x) The water moccasin just misses! You hit the water moccasin! The water moccasin bites! (2x) The water moccasin's bite was poisoned! You die... Final status: Farvel Elbereth the Valkyrie, killed by a water moccasin... You died in The Dungeons of Doom on dungeon level 4 with 31205 points, and 313 pieces of gold, after 2187 moves. You were level 5 with a maximum of 46 hit points when you died.